 Dungeon Crawl Stone Soup version 0.23-a0-650-ga4d50d4 (webtiles) character file.

20708 TheGoonsmith the Basher (level 12, 0/92 HPs)
             Began as a Demonspawn Gladiator on Jan 3, 2019.
             Was a High Priest of Okawaru.
             Slain by a bullfrog (2 damage)
             ... on level 4 of the Lair of Beasts.
             The game lasted 00:27:16 (13837 turns).

TheGoonsmith the Basher (Demonspawn Gladiator)     Turns: 13837, Time: 00:27:16

Health: 0/92       AC: 19    Str: 18    XL:     12   Next: 47%
Magic:  17/17      EV:  2    Int: 13    God:    Okawaru [*****.]
Gold:   902        SH:  0    Dex: 15    Spells: 11/11 levels left

rFire    . . .     SeeInvis .   a - +0 great mace
rCold    . . .     Gourm    .   (shield currently unavailable)
rNeg     + + +     Faith    .   C - +0 plate armour
rPois    ∞         Spirit   .   c - +1 helmet
rElec    .         Reflect  .   (no cloak)
rCorr    +         Harm     .   (no gloves)
MR       .....                  (boots unavailable)
Stlth    ..........             (no amulet)
HPRegen  0.25/turn              z - +2 ring of intelligence
MPRegen  0.15/turn              (no ring)

@: petrified
A: talons 3, yellow scales 3, demonic guardian 1, powered by death 3
a: Heroism, Finesse, Renounce Religion


You were on level 4 of the Lair of Beasts.
You worshipped Okawaru.
Okawaru was extremely pleased with you.
You were hungry.

You visited 2 branches of the dungeon, and saw 12 of its levels.

You collected 902 gold pieces.

Inventory:

Hand Weapons
 a - a +0 great mace (weapon)
 b - a +0 shortbow
 v - the +9 rapier of the Old World {drain, rF+ Dex+4}
   (You took it off an orc on level 4 of the Dungeon)

   A truly terrible weapon, it drains the life of those it strikes.
   It affects your dexterity (+4).
   It protects you from fire.
 F - a +1 flail
Missiles
 d - 3 throwing nets (quivered)
 g - 5 javelins
 w - 273 stones
 x - 114 sling bullets
 L - 136 arrows
Armour
 c - a +1 helmet (worn)
 l - a +0 scale mail
 C - a +0 plate armour (worn)
 K - a +0 leather armour
 M - the +2 hat "Teojamial" {-Tele rPois rCorr Dex+7}
   (Okawaru gifted it to you on level 2 of the Lair of Beasts)

   It affects your dexterity (+7).
   It protects you from poison.
   It prevents most forms of teleportation.
   It provides partial protection from all sources of acid and corrosion.
 S - the +0 hat "Kirit" {rElec rPois rF+ rCorr}
   (Okawaru gifted it to you on level 4 of the Lair of Beasts)

   It protects you from fire.
   It insulates you from electricity.
   It protects you from poison.
   It provides partial protection from all sources of acid and corrosion.
Jewellery
 o - an uncursed ring of ice
 p - an uncursed ring of fire
 z - a +2 ring of intelligence (left hand)
 J - an uncursed ring of wizardry
 P - an uncursed amulet of magic regeneration
 Q - a +6 ring of dexterity {unknown}
Wands
 m - a wand of flame (20)
 G - a wand of digging (4)
 N - a wand of iceblast (5)
Scrolls
 h - 6 scrolls of remove curse
 j - 5 scrolls of enchant weapon
 n - 2 scrolls of fog
 r - a scroll of identify
 y - 2 scrolls of amnesia
 H - 3 scrolls of torment
 I - 2 scrolls of vulnerability
Potions
 e - a potion of resistance
 k - 2 potions of mutation
 q - a potion of haste
 s - 3 potions of lignification
 t - 5 potions of heal wounds
 u - a potion of cancellation
 A - a potion of curing
 B - a potion of berserk rage
 D - a potion of brilliance {unknown}
 E - 7 potions of degeneration {unknown}
 O - 2 potions of flight
Comestibles
 f - 14 rations


   Skills:
 + Level 7.7 Fighting
 + Level 12.9 Maces & Flails
 + Level 4.8 Bows
 - Level 1.7 Throwing
 + Level 7.9 Armour
 + Level 7.3 Dodging
 - Level 7.0 Invocations


You had 11 spell levels left.
You didn't know any spells.
Your spell library contained the following spells:

 Spells                   Type           Power        Failure   Level  Hunger
 Infusion                 Chrm           #...         100%        1    ##.....
 Shroud of Golubria       Chrm/Tloc      #.........   100%        2    ###....
 Song of Slaying          Chrm           #.......     100%        2    ###....
 Regeneration             Chrm/Necr      #.........   100%        3    ####...
 Spectral Weapon          Hex/Chrm       #.......     100%        3    ####...


Dungeon Overview and Level Annotations

Branches:
Dungeon (8/15)             Temple (0/1) D:4            Lair (4/6) D:8
  Swamp (0/4) Lair:4       Spider (0/4) Lair:2

Altars:
Fedhas
Nemelex Xobeh
Okawaru
Ru
Trog
Uskayaw
Wu Jian
Xom
The Shining One


Innate Abilities, Weirdness & Mutations

You have claws for feet.
You are completely covered in yellow scales. (AC +4, rCorr)
A weak demonic guardian rushes to your aid.
You regenerate a lot of health from kills.


Message History

Your quasit bites the bullfrog.
Your quasit barely misses the bullfrog.
Your quasit claws the bullfrog.
The porcupine bites you.
* * * LOW HITPOINT WARNING * * *
The bullfrog hits you but does no damage.
Your quasit bites the bullfrog.
Your quasit claws the bullfrog.
Your quasit closely misses the bullfrog.
The porcupine bites you.
* * * LOW HITPOINT WARNING * * *
The seven-headed hydra bites you but does no damage. x2
The seven-headed hydra bites you!
* * * LOW HITPOINT WARNING * * *
The seven-headed hydra bites you!
* * * LOW HITPOINT WARNING * * *
The seven-headed hydra bites you.
* * * LOW HITPOINT WARNING * * *
The seven-headed hydra bites you but does no damage. x2
The bullfrog hits you but does no damage.
Your quasit closely misses the bullfrog.
Your quasit barely misses the bullfrog. x2; The bullfrog hits you.
You die...

.# . .# ###
..##.####..####
..............#
...............
...............
.......r.....$.
.....SF@Dl.....
.......5.......
...............
(....#..#.##..#
....####### ##
.... ... ..


You could see a seven-headed hydra, a komodo dragon, a water moccasin, a
bullfrog, a porcupine and a friendly quasit.

Vanquished Creatures
  A catoblepas (Lair:4)
  5 hydras
  A queen ant (Lair:2)
  7 death yaks
  Pikel (D:7)
  An orb spider (Lair:2)
  Joseph (D:8)
  A black mamba (Lair:4)
  5 spiny frogs
  A rime drake (Lair:4)
  A bog body (Lair:4)
  A hippogriff (Lair:2)
  Sigmund (D:6)
  8 yaks
  A basilisk (Lair:4)
  10 soldier ants (Lair:2)
  9 water moccasins
  4 porcupines
  A sky beast (D:6)
  A slave (D:7)
  A hornet zombie (D:5)
  2 ice beasts
  2 black bears (D:8)
  9 wolves
  A centaur (D:6)
  5 crocodiles
  A big kobold (D:8)
  7 bullfrogs
  2 scorpions
  A howler monkey (D:6)
  A crimson imp (D:5)
  A bullfrog zombie (D:6)
  A jelly (D:5)
  5 orc priests
  4 hounds
  2 orc wizards
  A bullfrog skeleton (D:5)
  Natasha (twice) (D:2)
  4 iguanas
  21 worker ants
  A hound zombie (D:5)
  2 hound skeletons (D:6)
  3 gnolls (D:2)
  8 adders
  A shadow imp (D:6)
  An adder zombie (D:5)
  3 dart slugs
  4 leopard geckos
  32 orcs
  6 giant cockroaches
  4 hobgoblins
  12 jackals
  A quokka (D:4)
  A ball python (D:4)
  A ball python skeleton (D:4)
  8 bats
  6 frilled lizards
  3 goblins
  A jackal skeleton (D:5)
  4 kobolds
  A leopard gecko skeleton (D:5)
  4 rats
  A plant (Lair:3)
242 creatures vanquished.

Vanquished Creatures (collateral kills)
  A komodo dragon (Lair:3)
  A hippogriff (D:7)
  A bog body (Lair:4)
  2 water moccasins
  A porcupine (Lair:1)
  A black bear (D:2)
  An ogre (D:5)
  3 wolves
  2 howler monkeys
  Natasha (D:2)
  A gnoll (D:2)
  2 orcs
  A goblin (D:2)
  A rat (D:2)
  A fungus (Lair:2)
20 creatures vanquished.

Vanquished Creatures (others)
  A bullfrog (D:7)
  An orc wizard (D:5)
  3 orcs (D:7)
  4 fungi
  A plant (Lair:2)
  5 toadstools (D:6)
15 creatures vanquished.

Grand Total: 277 creatures vanquished

Notes
Turn   | Place    | Note
-------+----------+-------------------------------------------
     0 | D:1      | TheGoonsmith the Demonspawn Gladiator began the quest for
                  | the Orb.
     0 | D:1      | Reached XP level 1. HP: 16/16 MP: 1/1
   459 | D:1      | Reached skill level 3 in Maces & Flails
   477 | D:1      | Gained mutation: A weak demonic guardian rushes to your
                  | aid. [demonic ancestry]
   477 | D:1      | Reached XP level 2. HP: 22/22 MP: 2/2
   986 | D:2      | Noticed a black bear
   986 | D:2      | Noticed a howler monkey
   994 | D:2      | Killed a howler monkey
   994 | D:2      | Gained mutation: You have sharp toenails. [demonic
                  | ancestry]
   994 | D:2      | Reached XP level 3. HP: 20/28 MP: 3/3
  1004 | D:2      | Killed a black bear
  1004 | D:2      | Reached skill level 4 in Maces & Flails
  1004 | D:2      | Gained mutation: You have razor-sharp toenails. [demonic
                  | ancestry]
  1004 | D:2      | Reached XP level 4. HP: 26/35 MP: 4/4
  1600 | D:2      | You fall through a shaft for 2 floors!
  1655 | D:3      | Gained mutation: You regenerate a little health from kills.
                  | [demonic ancestry]
  1655 | D:3      | Reached XP level 5. HP: 30/41 MP: 5/5
  1997 | D:2      | Found an ornate altar of the Wu Jian Council.
  2084 | D:2      | Noticed Natasha
  2088 | D:2      | Killed Natasha
  2088 | D:2      | Reached skill level 5 in Maces & Flails
  2218 | D:2      | Noticed Natasha
  2228 | D:2      | Killed Natasha
  2398 | D:2      | Noticed Natasha
  2401 | D:2      | Killed Natasha
  3118 | D:3      | Reached XP level 6. HP: 48/48 MP: 6/6
  3125 | D:3      | Found an iron altar of Okawaru.
  3142 | D:3      | Became a worshipper of Warmaster Okawaru
  3782 | D:4      | Reached skill level 6 in Maces & Flails
  3782 | D:4      | Reached skill level 1 in Invocations
  3785 | D:4      | Found a staircase to the Ecumenical Temple.
  3802 | D:4      | Identified the +9 rapier of the Old World {drain, rF+
                  | Dex+4}
  3810 | D:4      | Gained mutation: You are partially covered in yellow
                  | scales. (AC +2) [demonic ancestry]
  3810 | D:4      | Reached XP level 7. HP: 33/55 MP: 6/8
  4243 | D:4      | Found a sacrificial altar of Ru.
  4328 | D:5      | Entered Level 5 of the Dungeon
  4383 | D:5      | Reached * piety under Okawaru
  4383 | D:5      | Reached skill level 5 in Fighting
  4574 | D:5      | Reached skill level 1 in Armour
  4946 | D:5      | Found a hide-covered altar of Uskayaw.
  4988 | D:5      | Gained mutation: You regenerate health from kills. [demonic
                  | ancestry]
  4988 | D:5      | Reached XP level 8. HP: 15/62 MP: 9/9
  5159 | D:5      | Reached ** piety under Okawaru
  5363 | D:6      | Noticed Sigmund
  5374 | D:6      | Killed Sigmund
  5426 | D:6      | Found a sparkling altar of Nemelex Xobeh.
  5675 | D:6      | Found a glowing golden altar of the Shining One.
  5777 | D:6      | Reached skill level 5 in Armour
  6673 | D:7      | Found a shimmering altar of Xom.
  6767 | D:7      | Noticed a hippogriff
  6778 | D:7      | Killed a hippogriff
  6778 | D:7      | Reached skill level 5 in Dodging
  6779 | D:7      | Noticed Pikel
  6789 | D:7      | Killed Pikel
  6789 | D:7      | Reached *** piety under Okawaru
  6789 | D:7      | Reached skill level 7 in Maces & Flails
  6789 | D:7      | Gained mutation: You have claws for feet. [demonic
                  | ancestry]
  6789 | D:7      | Reached XP level 9. HP: 49/68 MP: 10/10
  7831 | D:8      | Found a staircase to the Lair.
  7831 | D:8      | Noticed a death yak
  7831 | D:8      | Noticed a death yak
  7837 | D:8      | Noticed a death yak
  7856 | D:7      | Killed a death yak
  7856 | D:7      | Reached skill level 8 in Maces & Flails
  8027 | D:8      | Reached skill level 9 in Maces & Flails
  8337 | D:8      | Noticed a +0 dagger
  8338 | D:8      | Noticed a +0 dagger
  8363 | D:8      | Found a hide-covered altar of Uskayaw.
  8417 | D:8      | Killed a death yak
  8417 | D:8      | Reached **** piety under Okawaru
  8417 | D:8      | Reached skill level 10 in Maces & Flails
  8417 | D:8      | Gained mutation: You regenerate a lot of health from kills.
                  | [demonic ancestry]
  8417 | D:8      | Reached XP level 10. HP: 74/74 MP: 9/11
  8424 | D:8      | Killed a death yak
  8427 | D:8      | Reached skill level 11 in Maces & Flails
  8462 | D:8      | Noticed Joseph
  8468 | D:8      | Killed Joseph
  8468 | D:8      | Reached ***** piety under Okawaru
  8726 | D:8      | Found a blossoming altar of Fedhas.
  8770 | D:8      | Found a bloodstained altar of Trog.
  8870 | Lair:1   | Entered Level 1 of the Lair of Beasts
  9066 | Lair:1   | Noticed a four-headed hydra
  9079 | Lair:1   | Killed a four-headed hydra
  9298 | Lair:1   | Reached skill level 12 in Maces & Flails
  9932 | Lair:1   | Noticed a spiny frog
  9941 | Lair:1   | Killed a spiny frog
  9951 | Lair:1   | Reached skill level 1 in Bows
 10581 | Lair:2   | Gained mutation: You are mostly covered in yellow scales.
                  | (AC +3) [demonic ancestry]
 10581 | Lair:2   | Reached XP level 11. HP: 72/80 MP: 13/13
 10630 | Lair:2   | Received a gift from Okawaru
 10848 | Lair:2   | Noticed a five-headed hydra
 10861 | Lair:2   | Killed a five-headed hydra
 11249 | Lair:2   | Noticed an eight-headed hydra
 11262 | Lair:2   | Killed an eight-headed hydra
 11636 | Lair:2   | Found a hole to the Spider Nest.
 11636 | Lair:2   | Noticed an orb spider
 11650 | Lair:2   | Killed an orb spider
 11650 | Lair:2   | Reached skill level 5 in Invocations
 11707 | Lair:2   | Noticed a six-headed hydra
 11716 | Lair:2   | Killed a six-headed hydra
 11716 | Lair:2   | Received a gift from Okawaru
 11735 | Lair:2   | Got a polished hat {god gift}
 11746 | Lair:2   | Identified the +2 hat "Teojamial" {-Tele rPois rCorr Dex+7}
                  | (Okawaru gifted it to you on level 2 of the Lair of Beasts)
 12015 | Lair:2   | Noticed a queen ant
 12029 | Lair:2   | Killed a queen ant
 12531 | Lair:3   | Noticed a seven-headed hydra
 12546 | Lair:3   | Killed a seven-headed hydra
 12546 | Lair:3   | Gained mutation: You are completely covered in yellow
                  | scales. (AC +4, rCorr) [demonic ancestry]
 12546 | Lair:3   | Reached XP level 12. HP: 35/91 MP: 14/16
 13693 | Lair:4   | Noticed a catoblepas
 13694 | Lair:4   | Noticed a death yak
 13696 | Lair:4   | Noticed a death yak
 13696 | Lair:4   | Noticed a death yak
 13701 | Lair:4   | Killed a catoblepas
 13701 | Lair:4   | Noticed a death yak
 13712 | Lair:4   | Killed a death yak
 13717 | Lair:4   | Killed a death yak
 13722 | Lair:4   | Killed a death yak
 13729 | Lair:4   | Killed a death yak
 13733 | Lair:4   | Received a gift from Okawaru
 13736 | Lair:4   | Got a warped hat {god gift}
 13747 | Lair:4   | Identified the +0 hat "Kirit" {rElec rPois rF+ rCorr}
                  | (Okawaru gifted it to you on level 4 of the Lair of Beasts)
 13760 | Lair:4   | Found a staircase to the Swamp.
 13806 | Lair:4   | Noticed an eight-headed hydra
 13832 | Lair:4   | Noticed a seven-headed hydra
 13836 | Lair:4   | HP: 2/92 [seven-headed hydra (3)]
 13837 | Lair:4   | Slain by a bullfrog

Vault maps used:
D:1:      dpeg_arrival_circle_labyrinth_a, minmay_fountain_box
D:2:      lemuel_coloured_pillars_altar, serial_rivers,
          chequers_serial_rivers_micro_a, chequers_serial_rivers_large_a,
          chequers_serial_rivers_micro_c, chequers_serial_rivers_micro_b,
          chequers_serial_rivers_small_b, minivault_19, minmay_cupped,
          uniq_natasha
D:3:      old_standard_altar
D:4:      kennysheep_mini_moat, minmay_temple_entry_antechambers,
          hangedman_abyss_or_decor_lesser_grid, hangedman_decor_peaks_small
D:5:      first_ration, lemuel_tele_altar
D:6:      tso_altar, basic_altar, minmay_misc_feat_cross, minivault_5,
          minmay_gold_behind_fungi, uniq_sigmund
D:7:      tgw_xom, uniq_pikel
D:8:      trog_ov_bears_minmay, dancing_weapons_uskayaw, dpeg_lair_monsters,
          blue_anna_alchemist, fedhas_altar_1, uniq_joseph
Lair:1:   minivault_27
Lair:2:   nicolae_spider_entry_orb_guardian, zaba_antful_of_joy
Lair:3:   grunt_megastairs_3
Lair:4:   regret_index_wax_grids, skrybe_swamp_entry_bodies,
          gauntlet_entry_generic, special_room

Skill      XL: |  1  2  3  4  5  6  7  8  9 10 11 12 |
---------------+-------------------------------------+-----
Maces & Flails | 3 4 5 6 7 10 12 | 12.9
Fighting       | 3 4 5 7 |  7.7
Invocations    | 1 2 3 6 7 |  7.0
Armour         | 2 6 7 |  7.9
Dodging        | 4 5 6 7 |  7.3
Bows           | 1 3 4 |  4.8
Throwing       | |  1.7

Action                   |  1- 3 |  4- 6 |  7- 9 | 10-12 || total
-------------------------+-------+-------+-------+-------++-------
Melee: Flail             |    43 |   160 |     8 |       ||   211
       Kick              |       |    38 |    62 |   157 ||   257
       Rapier            |       |       |    81 |       ||    81
       Great mace        |       |       |   114 |   441 ||   555
 Fire: Shortbow          |       |       |    13 |    66 ||    79
Invok: Heroism           |       |       |     2 |    10 ||    12
       Finesse           |       |       |       |     2 ||     2
  Use: Scroll            |       |     1 |    20 |     4 ||    25
       Potion            |       |       |     3 |     3 ||     6
 Stab: Distracted        |       |       |     2 |     3 ||     5
       Invisible         |       |       |     2 |     5 ||     7
  Eat: Chunk             |       |     9 |     4 |    14 ||    27
       Ration            |       |       |     3 |     1 ||     4
Armor: Scale mail        |    21 |    87 |   107 |    49 ||   264
       Leather armour    |     2 |       |       |       ||     2
       Plate armour      |       |       |       |   353 ||   353
Dodge: Dodged            |    24 |   107 |   122 |   314 ||   567

Table legend:
 A = Non-vault XP
 B = Vault XP
 C = Vault XP percentage of total XP
 D = Non-vault monster count
 E = Vault monster count
 F = Vault count percentage of total count
                 A         B        C        D         E       F
            +---------+---------+-------+---------+---------+-------
      Total |   19972 |    9611 |  32.5 |     210 |      49 |  18.9
            +---------+---------+-------+---------+---------+-------
        D:1 |      30 |       0 |   0.0 |      17 |       0 |   0.0
        D:2 |     251 |      38 |  13.1 |      22 |       2 |   8.3
        D:3 |     103 |       0 |   0.0 |      22 |       0 |   0.0
        D:4 |     357 |       0 |   0.0 |      24 |       0 |   0.0
        D:5 |     786 |       0 |   0.0 |      25 |       0 |   0.0
        D:6 |     583 |     220 |  27.4 |      13 |       1 |   7.1
        D:7 |     485 |    1491 |  75.5 |       7 |       2 |  22.2
        D:8 |     289 |    3296 |  91.9 |      22 |      10 |  31.2
     Lair:1 |    3358 |       0 |   0.0 |      20 |       0 |   0.0
     Lair:2 |    5560 |    3505 |  38.7 |      20 |      29 |  59.2
     Lair:3 |    2652 |     244 |   8.4 |       9 |       2 |  18.2
     Lair:4 |    5518 |     817 |  12.9 |       9 |       3 |  25.0
            +---------+---------+-------+---------+---------+-------
